← All builds
Front / Armada / Economy first / OBSERVED BUILD

Standard front

Standard economy-first Front play: Bot Lab and Vehicle Plant almost immediately, Advanced Metal Extractor around 9 minutes, with a mixed T1 army of Blitz, Rocketeer, Pawn and Janus sent to hold the wider gap and then middle.

#eco · 935 distinct matches · 127 players · 75% of Armada Front games · team won 63% of 1063 · Recently observed

HOW TO PLAY IT

Key timing: Vehicle Plant by 0:47

  1. Open 3 mex then Bot Lab and Vehicle Plant almost together.
  2. Layer wind while both labs start producing.
  3. Send early units to coast first to stop leaks, not middle.
  4. Add Construction Turrets as "Blitz", "Rocketeer", "Janus" mix builds up.
  5. Transition into Advanced Metal Extractor once T2 con is out.

Phase by phase

TYPICAL OF ITS 935 GAMES
  1. 1
  2. 2
  3. 3
PLAY THE OPENING

Follow the example game's first 6:00 step by step: what to build now, what comes next, and where it goes. At 1× it keeps pace with your own game.

  1. 1

    Up to the Bot Lab

    Economy
    • Metal Extractor2Mex
    • Wind Turbine1Wind
    Order
    1. Bot LabBot Lab after 3 mex, 1 winddone ~0:45, middle half 0:35–8:30

    Some games also: Vehicle Plant (41%)

    By 0:28 in all: 2 mex · 1 wind

    The example game in this phase · 2 steps
    1. Mex ×3
    2. Wind
  2. 2

    Bot Lab to 5:00

    Economy
    • Metal Extractor4Mex
    • Wind Turbine3Wind
    Army
    • Sentry1 Sentry

    Some games also: rocketeer (46%) · con bot (45%) · Lazarus (44%) · tick (40%) · centurion (37%)

    By 5:00 in all: 6 mex · 7 wind

    The example game in this phase · 26 steps
    1. Vehicle PlantVehicle Plantdone 0:52 · typical 0:47
    2. RoverScoutfor Pond
    3. RoverScout ×2
    4. RoverScout ×2for Pond
    5. Construction VehicleCon vehicle ×2
    6. JanusJanus
    7. Wind
    8. Mex
    9. Wind
    10. JanusJanus
    11. Wind
    12. Mex
    13. Wind
    14. JanusJanus ×2
    15. Mex
    16. JanusJanus
    17. Dragon's TeethDragon's Teeth ×2
    18. BlitzBlitz ×2
    19. Dragon's TeethDragon's Teeth
    20. BlitzBlitz
    21. Dragon's TeethDragon's Teeth ×2
    22. BlitzBlitz ×2
    23. Dragon's TeethDragon's Teeth ×2
    24. BlitzBlitz
    25. Dragon's TeethDragon's Teeth ×4
    26. BlitzBlitz ×10
  3. 3

    5:00 to 10:00

    Economy
    • Metal Extractor1Mex
    • Wind Turbine14Wind
    Builders
    • Construction Turret2 Con turret
    Army
    • Sentry1 Sentry

    Some games also: energy storage (46%) · blitz (39%) · rocketeer (39%) · pawn (36%) · Lazarus (35%)

    By 10:00 in all: 7 mex · 25 wind · 1 energy storage · 3 con turret

    The example game in this phase · 120 steps
    1. BlitzBlitz ×3
    2. SentrySentry
    3. BlitzBlitz
    4. SentrySentry
    5. BlitzBlitz
    6. Con turret
    7. SentrySentry ×2
    8. BlitzBlitz ×5
    9. Metal storage
    10. BlitzBlitz
    11. Con turret
    12. BlitzBlitz
    13. Wind
    14. Mex
    15. BlitzBlitz ×2
    16. Wind
    17. BlitzBlitz
    18. Wind
    19. BlitzBlitz
    20. Con turret
    21. Wind
    22. BlitzBlitz
    23. Con turret
    24. Wind
    25. BlitzBlitz
    26. Wind
    27. Mex
    28. BlitzBlitz
    29. Energy storage
    30. Wind
    31. BlitzBlitz
    32. Wind
    33. BlitzBlitz
    34. Wind
    35. Converter
    36. BlitzBlitz
    37. Wind
    38. Converter
    39. BlitzBlitz
    40. Construction VehicleCon vehicle
    41. Wind
    42. Converter
    43. BlitzBlitz
    44. Wind
    45. Converter
    46. BlitzBlitz
    47. Wind
    48. BlitzBlitz
    49. Wind
    50. Con turret
    51. BlitzBlitz
    52. Wind ×2
    53. BlitzBlitz
    54. Wind ×2
    55. BlitzBlitz
    56. Wind
    57. BlitzBlitz
    58. Wind ×2
    59. BlitzBlitz
    60. Wind
    61. BlitzBlitz
    62. Wind ×2
    63. BlitzBlitz
    64. Construction VehicleCon vehicle
    65. Wind
    66. Con turret
    67. BlitzBlitz ×2
    68. Wind
    69. BlitzBlitz
    70. Wind
    71. BlitzBlitz
    72. Wind ×2
    73. BlitzBlitz
    74. Wind
    75. BlitzBlitz
    76. Wind
    77. BlitzBlitz
    78. Wind ×3
    79. Con turret
    80. BlitzBlitz
    81. Wind
    82. Construction VehicleCon vehicle
    83. Wind ×2
    84. Construction VehicleCon vehicle
    85. Wind ×2
    86. Construction VehicleCon vehicle
    87. Wind ×3
    88. Construction VehicleCon vehicle
    89. Wind ×4
    90. Advanced Vehicle PlantAdvanced Vehicle Plantdone 12:05
    91. Wind ×11
    92. Converter
    93. Wind ×9
    94. Converter
    95. Wind ×5
    96. Converter
    97. Wind
    98. Converter
    99. Wind
    100. Converter
    101. Wind ×3
    102. Converter
    103. JaguarJaguar
    104. Wind ×3
    105. Converter ×3
    106. Wind ×2
    107. JaguarJaguar
    108. Wind
    109. Converter
    110. BeamerBeamer
    111. Wind
    112. Converter
    113. BullBullnot finished by 15:00
    114. Wind ×6
    115. Converter
    116. Wind ×2
    117. Converter
    118. Wind ×2
    119. Converter
    120. Advanced Metal ExtractorT2 mex ×2not finished by 15:00 · typical 8:52

Counts are medians over the build's games: half of them build more, half fewer. The example game is Hummell's (44 OS, 23/09/2026); pick another.

Team trades

IN AT LEAST 30% OF ITS GAMES

You hand over

Nothing regular.

You get

  • Tidal Generator4 Tidal from Pondfirst at 0:18 · in 68% of games
  • Advanced Construction Bot1 T2 con bot from Geo or Techfirst at 7:17 · in 67% of games

How it plays out

Typical game of this build, running totals by minute

Metal produced

010k20k30k
0:005:0010:0015:00

metal

Enemy metal destroyed

05k10k
0:005:0010:0015:00

metal

Own metal lost

05k10k
0:005:0010:0015:00

metal

1063 games.

Show as table
ByMetal produced: This buildEnemy metal destroyed: This buildOwn metal lost: This build
1:0033300
2:008462131
3:001624140105
4:002712540333
5:0038681188813
6:00507620991526
7:00631429842459
8:00766238713365
9:00908746324312
10:001066653085060
11:001260858195701
12:001481563136521
13:001744069817256
14:002018375848093
15:002263083948939
WHAT THE NUMBERS SAY

Standard Front play wins more often than suicide front and produces more metal by 15:00, reflecting its safer positioning.

  • + Metal produced reaches 22219 by 15:00, above suicide front's 19882
  • + Own losses of 8949 stay under enemy metal destroyed's near-equal 8347
  • − First unit lost by 1:44 shows exposure even from the safer side
  • − Wider gap to defend demands disciplined coast-then-mid unit movement
THE EXAMPLE YOU ARE READING

Hummell

44.0 OS · 23/09/2026

Open source match ↗

15 received units · includes a constructor
1130 metal received · 13099 energy received

Allied construction assistance is unknown. Timings are observations, not a promise of solo reproducibility.

Typical milestones

Bot Lab0:45Middle 50%: 0:35–8:30 · n=670
Vehicle Plant0:47Middle 50%: 0:37–0:59 · n=753
Advanced Metal Extractor8:52Middle 50%: 8:00–10:03 · n=845

Played most by

Hummell91games of this buildhaaven82games of this buildLeohvm79games of this buildXad62games of this buildImmort36games of this build